 Dungeon Crawl Stone Soup version 0.21.1-1-g345015f (webtiles) character file.

1166 suicidejoker the Insei (level 8, -4/54 HPs)
             Began as an Octopode Monk on Apr 7, 2018.
             Slain by Pikel
             ... wielding a +2 whip of flaming
              (6 damage)
             ... on level 5 of the Dungeon.
             The game lasted 00:15:35 (5101 turns).

suicidejoker the Insei (Octopode Monk)              Turns: 5101, Time: 00:15:37

Health: -4/54      AC:  1    Str: 13    XL:     8   Next: 40%
Magic:  12/12      EV: 12    Int: 12    God:
Gold:   145        SH:  7    Dex: 14    Spells: 13/13 levels left

rFire    x . .     SeeInvis .   a - +1 mace (crush)
rCold    + . .     Gourm    .   x - +0 shield
rNeg     . . .     Faith    .   (helmet restricted)
rPois    .         Spirit   .   (no amulet)
rElec    .         Reflect  .   f - ring of ice
rCorr    .         Harm     .   (no ring)
MR       .....                  (no ring)
Stlth    ++++......             (no ring)
HPRegen  0.18/turn              (no ring)
MPRegen  0.13/turn              (no ring)
                                (no ring)
                                (no ring)

@: no status effects
A: almost no armour, stealthy swim, amphibious, 8 rings, constrict 8, camouflage
1, gelatinous body 1
a: no special abilities


You were on level 5 of the Dungeon.
You were not hungry.

You visited 1 branch of the dungeon, and saw 5 of its levels.

You collected 145 gold pieces.

Inventory:

Hand Weapons
 a - a +1 mace of crushing (weapon)
 b - a +3 hunting sling
 e - a +0 dagger
 q - a +3 quarterstaff of chaos
Missiles
 g - 172 stones (quivered)
 j - 31 bolts
 m - 30 arrows
 o - 10 sling bullets
 v - 7 javelins
Armour
 x - a +0 shield (worn)
Jewellery
 f - a ring of ice (left tentacle)
Wands
 s - a wand of random effects (20)
Scrolls
 d - 3 scrolls of remove curse
 h - 4 scrolls of teleportation
 i - a scroll of fear
 k - a scroll of enchant armour
Potions
 l - a potion of flight
 t - a potion of might
 u - 2 potions of invisibility
 w - a potion of brilliance
 z - a potion of agility
Comestibles
 n - 8 rations


   Skills:
 + Level 4.7 Fighting
 + Level 0.9 Maces & Flails
 + Level 2.5 Slings
 + Level 4.6 Dodging
 + Level 6.0 Stealth
 * Level 6.1 Unarmed Combat
 + Level 3.0 Spellcasting
 + Level 0.9 Evocations


You had 13 spell levels left.
You didn't know any spells.

Dungeon Overview and Level Annotations

Branches:
Dungeon (5/15)
 Temple: D:4-7

Altars:
Elyvilon
Qazlal
Sif Muna

Annotations:
D:5 Pikel


Innate Abilities, Weirdness & Mutations

You cannot wear most types of armour.
You are very stealthy in the water. (Stealth+)
You are amphibious.
You can wear up to eight rings at the same time.
You can use your tentacles to constrict eight enemies at once.
Your skin changes colour to match your surroundings (Stealth+).
Your rubbery body absorbs attacks. (AC +1, EV +1)


Message History

You block Pikel's attack. The slave closely misses you.
Pikel hits you with a whip of flaming. Pikel burns you.
You closely miss Pikel. You grab Pikel.
Pikel is moderately wounded.
You constrict Pikel, but do no damage. The slave barely misses you.
Pikel hits you with a whip of flaming. Pikel burns you. The slave hits you.
You hit Pikel but do no damage.
Pikel is moderately wounded.
You constrict Pikel. You block the slave's attack. You block Pikel's attack.
The slave closely misses you. The slave hits you!
Pikel hits you with a whip of flaming. Pikel burns you.
* * * LOW HITPOINT WARNING * * *
You hit Pikel but do no damage.
Pikel is moderately wounded.
You constrict Pikel. The slave hits you.
* * * LOW HITPOINT WARNING * * *
You block the slave's attack. Pikel hits you with a whip of flaming!
* * * LOW HITPOINT WARNING * * *
Pikel burns you.
You die...

#.#...#.####.####....#####
#.#...#.# #.# #........#
..#...#.# #.# ###......#
..#...#.# #.######......#
......#.# #.#......######
....#.#.. #.#.####.#
#.#.#.#.. #.#.####.#
#..... #.#....#.# #.#.###
#..pK@.#.# #...#
###(pp.#.# #...#
..p..#.#.# ....#
#(##..###.# #.#.# .( #...
#.# #. ###..# #.# ( .....
#### #.# #.###.!###.....
#.# #..5........#


You could see Pikel and 4 slaves.

Vanquished Creatures
  The ghost of FlobFlarker the Poker, a novice DsFi (D:4)
  Grinder (D:4)
  A sky beast (D:5)
  2 bullfrogs
  2 scorpions (D:5)
  Crazy Yiuf (D:3)
  2 orc priests (D:3)
  An orc wizard (D:3)
  A worker ant (D:5)
  A worker ant zombie (D:5)
  4 gnolls (D:3)
  5 adders
  A shadow imp (D:5)
  5 worms
  3 dart slugs
  6 leopard geckos
  12 orcs
  5 giant cockroaches
  7 goblins
  7 hobgoblins
  5 jackals
  4 quokkas
  A ball python (D:2)
  5 bats
  3 frilled lizards (D:1)
  12 kobolds
  A leopard gecko zombie (D:5)
  6 rats
105 creatures vanquished.

Notes
Turn   | Place    | Note
-------+----------+-------------------------------------------
     0 | D:1      | suicidejoker the Octopode Monk began the quest for the Orb.
     0 | D:1      | Reached XP level 1. HP: 16/16 MP: 1/1
   114 | D:1      | Reached XP level 2. HP: 21/21 MP: 2/2
   658 | D:1      | Reached XP level 3. HP: 26/26 MP: 3/3
  1258 | D:2      | Found a stormy altar of Qazlal.
  1731 | D:2      | Reached XP level 4. HP: 31/31 MP: 5/5
  1767 | D:2      | Reached skill level 1 in Spellcasting
  1920 | D:2      | Found a white marble altar of Elyvilon.
  1920 | D:2      | Found a deep blue altar of Sif Muna.
  2530 | D:3      | Reached XP level 5. HP: 27/36 MP: 6/6
  3049 | D:3      | Found a runed door.
  3054 | D:3      | Noticed Crazy Yiuf
  3059 | D:3      | Killed Crazy Yiuf
  3059 | D:3      | Reached XP level 6. HP: 43/43 MP: 8/8
  3785 | D:4      | Noticed FlobFlarker's ghost (novice DsFi)
  3793 | D:4      | Noticed Grinder
  3800 | D:4      | Paralysed by Grinder for 7 turns
  3812 | D:4      | Paralysed by Grinder for 4 turns
  3827 | D:4      | Killed FlobFlarker's ghost
  3827 | D:4      | Reached skill level 1 in Slings
  3827 | D:4      | Reached skill level 5 in Stealth
  3827 | D:4      | Reached skill level 5 in Unarmed Combat
  3827 | D:4      | Reached XP level 7. HP: 26/48 MP: 8/10
  3836 | D:4      | Killed Grinder
  3978 | D:4      | Reached XP level 8. HP: 45/54 MP: 12/12
  4391 | D:5      | Entered Level 5 of the Dungeon
  5085 | D:5      | Noticed Pikel
  5101 | D:5      | HP: 2/54 [Pikel/whip of flaming (13)]
  5101 | D:5      | Slain by Pikel

Skill      XL: |  1  2  3  4  5  6  7  8 |
---------------+-------------------------+-----
Stealth        | 3 4 5 6 |  6.0
Spellcasting   | 1 2 3 |  3.0
Unarmed Combat | 4 5 6 |  6.1
Fighting       | 4 |  4.7
Slings         | 1 2 |  2.5
Dodging        | 4 |  4.6
Maces & Flails | |  0.9
Evocations     | |  0.9

Action                   |  1- 3 |  4- 6 |  7- 9 || total
-------------------------+-------+-------+-------++-------
Melee: Unarmed           |    81 |    12 |     3 ||    96
       Constrict         |    22 |    17 |     7 ||    46
       Tentacles         |    13 |    14 |     5 ||    32
       Dagger            |       |    47 |       ||    47
       Punch             |       |     4 |     1 ||     5
       Mace              |       |     4 |    32 ||    36
 Fire: Hunting sling     |       |    73 |    37 ||   110
Throw: Stone             |       |       |     6 ||     6
  Use: Potion            |       |     4 |       ||     4
       Scroll            |       |       |    11 ||    11
 Stab: Sleeping          |    17 |     2 |     2 ||    21
  Eat: Chunk             |     2 |     5 |       ||     7
       Ration            |       |     1 |     1 ||     2
Armor: Skin              |     1 |    16 |     4 ||    21
Dodge: Dodged            |    38 |    32 |    20 ||    90
Block: Shield            |       |       |     5 ||     5
